AoeStats
← TIGER35397

Arena

508744722Analyzed
4v4 RM · 9d ago on Sep 23, 2026· 69m 9s· 8 players
Game mode
Random Map
Map size
Large (8 player)
Population
200
Speed
Normal
Resources
Standard
Victory
Conquest
Starting age
Dark Age
Ending age
Imperial Age
RankedLock teamsTeams togetherTeam positionsShared explorationLock speedFull tech treeHidden civsTurbo modeCheats
Victory
Defeat
🇺🇸 Slavs · United States
1356
+17
🇺🇸 Varangians · United States
1355
+17
🇬🇧 Muisca · United Kingdom
1298
+20
🇨🇦 Italians · Canada
1276
+20
🇺🇸 Saxons · United States
1423
-20
🇮🇹 Persians · Italy
1419
-20
🇮🇹 Spanish · Italy
1380
-19
🇮🇳 Teutons · India
1293
-15
TIGER35397
10:12 Feudal Age
10:30 Feudal Age
14:38 Castle Age
13:02 Double-Bit Axe
13:36 Horse Collar
18:28 Wheelbarrow
17:56 Loom
19:38 Bow Saw
20:45 Heavy Plow
24:57 Hand Cart
28:51 Imperial Age
26:13 Man-at-Arms
27:14 Scale Mail Armor
27:24 Forging
27:15 Long Swordsman
27:57 Squires
28:17 Chain Mail Armor
28:44 Gold Mining
29:24 Capped Ram
29:37 Heavy Scorpion
30:52 Siege Ram
31:41 Pikeman
33:04 Halberdier
34:17 Plate Mail Armor
34:29 Siege Engineers
38:49 Druzhina
40:24 Iron Casting
40:53 Chemistry
42:07 Blast Furnace
42:32 Two-Man Saw
47:03 Ballistics
55:47 Caravan
Shawn96
11:21 Feudal Age
11:57 Double-Bit Axe
14:50 Castle Age
13:07 Horse Collar
16:03 Bow Saw
20:45 Wheelbarrow
21:26 Heavy Plow
23:15 Loom
23:30 Stone Mining
23:32 Gold Mining
25:15 Stone Shaft Mining
24:32 Fletching
24:42 Padded Archer Armor
25:42 Treadmill Crane
26:24 Ballistics
26:01 Bodkin Arrow
30:45 Imperial Age
28:44 Leather Archer Armor
31:27 Bracer
31:59 Ring Archer Armor
32:31 Chemistry
32:12 Conscription
32:20 Thumb Ring
33:03 Scale Barding Armor
33:09 Forging
33:40 Bloodlines
34:03 Hand Cart
33:34 Town Watch
35:10 Chain Barding Armor
35:34 Town Patrol
36:21 Crop Rotation
36:23 Masonry
36:09 Murder Holes
36:24 Fortified Wall
36:13 Elite Genoese Crossbowman
39:34 Architecture
40:35 Plate Barding Armor
40:36 Iron Casting
40:21 Light Cavalry
43:32 Blast Furnace
42:03 Light Cavalry
42:44 Husbandry
47:33 Coinage
48:43 Hoardings
47:40 Hussar
51:21 Guilds
51:41 Banking
old peenuts
10:21 Feudal Age
14:22 Castle Age
12:57 Double-Bit Axe
13:32 Horse Collar
15:49 Bow Saw
17:25 Loom
23:07 Wheelbarrow
24:03 Hand Cart
24:56 Gold Mining
29:22 Imperial Age
27:12 Scale Barding Armor
27:17 Forging
27:20 Heavy Plow
27:18 Stone Mining
27:49 Bloodlines
28:23 Husbandry
28:46 Chain Barding Armor
29:20 Stone Shaft Mining
29:10 Fletching
29:29 Cavalier
30:05 Vendel Legacy
31:56 Two-Man Saw
31:53 Plate Barding Armor
31:43 Conscription
32:13 Devotion
33:07 Light Cavalry
34:56 Hussar
36:41 Iron Casting
36:01 Elite Jarl
36:38 Town Watch
41:04 Blast Furnace
40:38 Bodkin Arrow
41:02 Town Patrol
41:29 Bracer
41:57 Ballistics
44:51 Siege Engineers
50:48 Caravan
58:39 Guilds
60:10 Crop Rotation
60:46 Chemistry
59:34 Treadmill Crane
60:04 Masonry
60:05 Fortified Wall
68:36 Gothikon
Calum1Ltv
10:03 Feudal Age
11:34 Double-Bit Axe
14:00 Castle Age
12:29 Horse Collar
14:54 Bow Saw
19:09 Fletching
19:35 Padded Archer Armor
22:18 Bodkin Arrow
25:07 Leather Archer Armor
25:16 Loom
28:16 Wheelbarrow
31:43 Imperial Age
29:30 Scale Mail Armor
30:12 Ballistics
32:57 Bracer
34:15 Chemistry
34:11 Conscription
34:35 Conscription
34:36 Elite Guecha Warrior
36:25 Forging
36:00 Treadmill Crane
36:47 Chain Mail Armor
37:45 Iron Casting
37:46 Masonry
38:59 Block Printing
39:04 Sanctity
40:46 Hoardings
40:09 Murder Holes
40:28 Fervor
44:41 Plate Mail Armor
43:50 Pikeman
44:31 Squires
46:53 Hand Cart
46:25 Town Watch
56:21 Thumb Ring
57:46 Huaracas
57:27 Elite Skirmisher
57:27 Crossbowman
59:36 Capped Ram
61:17 Siege Engineers
64:09 Arbalester
all peacocks are the same
9:07 Feudal Age
9:47 Double-Bit Axe
14:08 Castle Age
18:08 Horse Collar
18:21 Light Cavalry
21:33 Loom
23:55 Bow Saw
24:38 Scale Mail Armor
25:48 Heavy Plow
27:14 Loom
29:59 Imperial Age
28:21 Fletching
29:05 Redemption
28:44 Crossbowman
29:26 Bodkin Arrow
29:56 Sanctity
29:21 Clerical Recruitment
30:22 Padded Archer Armor
31:24 Ballistics
30:40 Arbalester
32:30 Thumb Ring
32:32 Bracer
33:37 Wheelbarrow
33:28 Conscription
40:34 Leather Archer Armor
40:09 Gambesons
40:41 Chain Mail Armor
40:41 Elite Varangian Guard
41:27 Gold Mining
47:34 Pikeman
48:14 Squires
56:19 Block Printing
56:40 Theocracy
56:21 Halberdier
57:40 Plate Mail Armor
57:58 Guard Tower
57:54 Arrowslits
59:18 Chemistry
58:11 Guard Tower
58:09 Arrowslits
59:57 Forging
64:23 Keep
66:45 Masonry
Lyy
11:21 Feudal Age
15:14 Castle Age
14:08 Double-Bit Axe
23:38 Loom
32:59 Imperial Age
30:16 Loom
31:46 Padded Archer Armor
31:38 Fletching
32:09 Ballistics
33:00 Leather Archer Armor
34:53 Bloodlines
34:43 Husbandry
34:21 Cavalier
34:42 Light Cavalry
35:59 Conscription
36:32 Wheelbarrow
37:28 Chemistry
36:38 Masonry
38:22 Bodkin Arrow
38:57 Ring Archer Armor
39:01 Gold Mining
39:01 Stone Mining
39:35 Elite Skirmisher
41:22 Bracer
43:49 Elite Conquistador
48:38 Caravan
48:58 Capped Ram
56:10 Bow Saw
55:46 Horse Collar
55:50 Light Cavalry
57:32 Thumb Ring
57:07 Siege Ram
62:10 Scale Barding Armor
62:15 Forging
63:09 Stone Shaft Mining
64:55 Hoardings
65:03 Hussar
66:21 Iron Casting
65:46 Scale Mail Armor
66:06 Chain Barding Armor
TheDangerous
10:04 Feudal Age
12:49 Loom
15:29 Castle Age
14:01 Double-Bit Axe
14:19 Horse Collar
16:35 Bow Saw
20:50 Heavy Plow
22:14 Stone Mining
22:16 Gold Mining
24:49 Forging
26:29 Wheelbarrow
26:18 Squires
26:05 Arson
26:24 Scale Mail Armor
26:31 Scale Barding Armor
29:06 Imperial Age
27:31 Hand Cart
27:02 Town Watch
28:11 Stone Shaft Mining
28:13 Iron Casting
27:56 Chain Mail Armor
27:34 Fletching
28:40 Bloodlines
29:16 Cavalier
30:05 Scale Barding Armor
31:44 Chain Barding Armor
32:37 Blast Furnace
33:02 Crop Rotation
33:36 Plate Barding Armor
32:46 Paladin
36:21 Coinage
37:27 Conscription
39:08 Banking
41:08 Crenellations
42:15 Hoardings
41:08 Elite Teutonic Knight
45:43 Masonry
45:32 Bodkin Arrow
50:30 Caravan
54:45 Elite Skirmisher
56:00 Padded Archer Armor
56:41 Ballistics
58:07 Fortified Wall
59:05 Elite Teutonic Knight
67:28 Plate Mail Armor
Wendysocute
10:21 Feudal Age
13:50 Castle Age
11:58 Double-Bit Axe
12:31 Horse Collar
17:10 Loom
21:11 Wheelbarrow
20:52 Heavy Plow
23:53 Hand Cart
23:31 Gold Mining
27:51 Imperial Age
26:05 Gold Shaft Mining
25:27 Loom
27:10 Husbandry
27:21 Bloodlines
27:17 Scale Barding Armor
27:23 Forging
27:50 Cavalier
29:18 Chain Barding Armor
29:34 Iron Casting
32:18 Plate Barding Armor
33:08 Crop Rotation
32:53 Bow Saw
32:49 Stone Mining
34:13 Blast Furnace
33:07 Savar
35:25 Conscription
43:25 Caravan
45:40 Light Cavalry
50:01 Hussar
Connection lost

Rejoining the realm…

Still unreachable

The connection could not be restored.

Session expired

The server has moved on; the page needs a fresh start.